| TOP OF THE 1ST |
|
Albuquerque Isotopes batting - Pitching for Iowa Cubs : RHP Harry Poindexter
|
|
Pitching: RHP Harry Poindexter
|
|
|
Batting: RHB Mike Ball
|
0-0: Ball 1-0: Ball 2-0: Ball 3-0: Called Strike 3-1: Base on Balls
|
|
Batting: RHB Eddie McCoy
|
0-0: Ball 1-0: Called Strike Mike Ball is caught stealing 2nd base 2-4 1-1: Ball 2-1: Ball 3-1: Foul Ball, location: 2F 3-2: Base on Balls
|
|
Batting: RHB Chris King
|
0-0: Ball 1-0: Ball 2-0: Ball 3-0: Called Strike 3-1: Base on Balls Eddie McCoy to second
|
|
Batting: RHB Adrian Rudkilde
|
0-0: Ball 1-0: Called Strike 1-1: Swinging Strike 1-2: Foul Ball, location: 2F 1-2: Foul Ball, location: 2F 1-2: Ball 2-2: Fly out, F3 (Popup, 3, EV 66.9 MPH)
|
|
Batting: LHB Adam Hill
|
0-0: Called Strike 0-1: Fly out, F6 (Popup, 6M, EV 50.0 MPH)
|
| Top of the 1st over - 0 runs, 0 hits, 0 errors, 2 left on base; Albuquerque 0 - Iowa 0 |
| BOTTOM OF THE 1ST |
|
Iowa Cubs batting - Pitching for Albuquerque Isotopes : RHP Paulo Guincho
|
|
Pitching: RHP Paulo Guincho
|
|
|
Batting: LHB Sumiki Okuhara
|
0-0: Ball 1-0: Called Strike 1-1: Foul Ball, location: 2F 1-2: Ball 2-2: Ground out 4-3 (Groundball, 4, EV 88.1 MPH)
|
|
Batting: RHB Jon Aguilar
|
0-0: Ball 1-0: Fly out, F8 (Flyball, 8RXD, EV 105.0 MPH)
|
|
Batting: LHB Mark Ingram
|
0-0: Foul Ball, location: 2F 0-1: Swinging Strike 0-2: Ball 1-2: Strikes out swinging
|
| Bottom of the 1st over - 0 runs, 0 hits, 0 errors, 0 left on base; Albuquerque 0 - Iowa 0 |
| TOP OF THE 2ND |
|
Albuquerque Isotopes batting - Pitching for Iowa Cubs : RHP Harry Poindexter
|
|
Batting: LHB Gabe Harvey
|
0-0: Ball 1-0: Ball 2-0: Fly out, F8 (Line Drive, 8RM, EV 87.5 MPH)
|
|
Batting: LHB Chad Persaud
|
0-0: Called Strike 0-1: Ball 1-1: Ball 2-1: Ground out 5-3 (Groundball, 5, EV 108.8 MPH)
|
|
Batting: RHB Nick Cummings
|
0-0: SINGLE (Groundball, 56S, EV 69.4 MPH) (infield hit)
|
|
Batting: RHB Vinny Estrada
|
0-0: Called Strike Nick Cummings steals 2nd base 0-1: Ball 1-1: Foul Ball, location: 2F 1-2: Strikes out swinging
|
| Top of the 2nd over - 0 runs, 1 hit, 0 errors, 1 left on base; Albuquerque 0 - Iowa 0 |
| BOTTOM OF THE 2ND |
|
Iowa Cubs batting - Pitching for Albuquerque Isotopes : RHP Paulo Guincho
|
|
Batting: RHB Ricardo Aguinaga
|
0-0: Ground out 4-3 (Groundball, 4M, EV 84.4 MPH)
|
|
Batting: SHB Gabriel Cruz
|
0-0: SOLO HOME RUN (Flyball, 78XD, EV 107.5 MPH), Distance : 393 ft
|
|
Batting: RHB Adam O'Hare
|
0-0: Called Strike 0-1: Ball 1-1: Swinging Strike 1-2: Ground out 6-3 (Groundball, 6, EV 110.0 MPH)
|
|
Batting: RHB Brian Gargis
|
0-0: Ball 1-0: DOUBLE (Groundball, 3L, EV 102.5 MPH)
|
|
Batting: SHB Seung-ho Zhang
|
0-0: Called Strike 0-1: Called Strike 0-2: Ball 1-2: Foul Ball, location: 2F 1-2: Ball 2-2: Ball 3-2: Ground out U3 (Groundball, 3, EV 80.0 MPH)
|
| Bottom of the 2nd over - 1 run, 2 hits, 0 errors, 1 left on base; Albuquerque 0 - Iowa 1 |
| TOP OF THE 3RD |
|
Albuquerque Isotopes batting - Pitching for Iowa Cubs : RHP Harry Poindexter
|
|
Batting: RHB Mike Ball
|
0-0: Ground out 5-3 (Groundball, 56, EV 91.2 MPH)
|
|
Batting: RHB Eddie McCoy
|
0-0: Ball 1-0: Foul Ball, location: 2F 1-1: Foul Ball, location: 2F 1-2: Fly out, F8 (Flyball, 8RS, EV 91.9 MPH)
|
|
Batting: RHB Chris King
|
0-0: Ball 1-0: Called Strike 1-1: SINGLE (Line Drive, 8LS, EV 94.4 MPH)
|
|
Batting: RHB Adrian Rudkilde
|
0-0: Ball 1-0: Called Strike 1-1: Ground out 4-3 (Groundball, 34, EV 88.8 MPH)
|
| Top of the 3rd over - 0 runs, 1 hit, 0 errors, 1 left on base; Albuquerque 0 - Iowa 1 |
| BOTTOM OF THE 3RD |
|
Iowa Cubs batting - Pitching for Albuquerque Isotopes : RHP Paulo Guincho
|
|
Batting: RHB Tony Mendez
|
0-0: Ball 1-0: Called Strike 1-1: Ball 2-1: Foul Ball, location: 2F 2-2: Ball 3-2: Foul Ball, location: 2F 3-2: Ground out 5-3 (Groundball, 56, EV 80.0 MPH)
|
|
Batting: LHB Sumiki Okuhara
|
0-0: Ball 1-0: Swinging Strike 1-1: Foul Ball, location: 2F 1-2: Ground out U3 (Groundball, 3, EV 90.6 MPH)
|
|
Batting: RHB Jon Aguilar
|
0-0: Ball 1-0: Called Strike 1-1: Fly out, F7 (Line Drive, 7, EV 93.8 MPH)
|
| Bottom of the 3rd over - 0 runs, 0 hits, 0 errors, 0 left on base; Albuquerque 0 - Iowa 1 |
| TOP OF THE 4TH |
|
Albuquerque Isotopes batting - Pitching for Iowa Cubs : RHP Harry Poindexter
|
|
Batting: LHB Adam Hill
|
0-0: Called Strike 0-1: Foul Ball, location: 2F 0-2: Ball 1-2: Ground out 6-3 (Groundball, 56, EV 99.4 MPH)
|
|
Batting: LHB Gabe Harvey
|
0-0: Foul Ball, location: 2F 0-1: Ball 1-1: Ball 2-1: Called Strike 2-2: Strikes out swinging
|
|
Batting: LHB Chad Persaud
|
0-0: Ball 1-0: Called Strike 1-1: Ball 2-1: Foul Ball, location: 2F 2-2: Foul Ball, location: 2F 2-2: Ground out 4-3 (Groundball, 4M, EV 83.8 MPH)
|
| Top of the 4th over - 0 runs, 0 hits, 0 errors, 0 left on base; Albuquerque 0 - Iowa 1 |
| BOTTOM OF THE 4TH |
|
Iowa Cubs batting - Pitching for Albuquerque Isotopes : RHP Paulo Guincho
|
|
Batting: LHB Mark Ingram
|
0-0: Ball 1-0: Foul Ball, location: 2F 1-1: Ground out 6-3 (Groundball, 6, EV 111.9 MPH)
|
|
Batting: RHB Ricardo Aguinaga
|
0-0: Ball 1-0: Swinging Strike 1-1: SINGLE (Flyball, 7S, EV 95.6 MPH)
|
|
Batting: SHB Gabriel Cruz
|
0-0: Called Strike 0-1: Ball 1-1: Called Strike 1-2: Ball 2-2: SINGLE (Groundball, 34D, EV 101.2 MPH) Ricardo Aguinaga to second
|
|
Batting: RHB Adam O'Hare
|
0-0: Foul Ball, location: 2F 0-1: Called Strike 0-2: Ball 1-2: Ball 2-2: DOUBLE (Flyball, 8RXD, EV 90.0 MPH) Ricardo Aguinaga scores Gabriel Cruz to third
|
|
Batting: RHB Brian Gargis
|
0-0: Called Strike 0-1: Ball 1-1: Called Strike 1-2: Ball 2-2: Ball 3-2: Foul Ball, location: 2F 3-2: Base on Balls
|
|
Batting: SHB Seung-ho Zhang
|
0-0: Ball 1-0: Fly out, F7 (Flyball, 7LM, EV 102.5 MPH) Runner from 3rd tags up, SCORES, no throw by LF
|
|
Batting: RHB Tony Mendez
|
0-0: Fly out, F8 (Line Drive, 8RD, EV 91.2 MPH)
|
| Bottom of the 4th over - 2 runs, 3 hits, 0 errors, 2 left on base; Albuquerque 0 - Iowa 3 |
| TOP OF THE 5TH |
|
Albuquerque Isotopes batting - Pitching for Iowa Cubs : RHP Harry Poindexter
|
|
Batting: RHB Nick Cummings
|
0-0: Called Strike 0-1: Foul Ball, location: 2F 0-2: Strikes out swinging
|
|
Batting: RHB Vinny Estrada
|
0-0: Ball 1-0: Ball 2-0: Called Strike 2-1: Ground out 4-3 (Groundball, 4, EV 95.0 MPH)
|
|
Batting: RHB Mike Ball
|
0-0: Ball 1-0: Swinging Strike 1-1: Foul Ball, location: 2F 1-2: Fly out, F8 (Flyball, 8RXD, EV 94.4 MPH)
|
| Top of the 5th over - 0 runs, 0 hits, 0 errors, 0 left on base; Albuquerque 0 - Iowa 3 |
| BOTTOM OF THE 5TH |
|
Iowa Cubs batting - Pitching for Albuquerque Isotopes : RHP Paulo Guincho
|
|
Batting: LHB Sumiki Okuhara
|
0-0: Ball 1-0: Ball 2-0: Called Strike 2-1: Ball 3-1: Base on Balls
|
|
Batting: RHB Jon Aguilar
|
0-0: Called Strike 0-1: Ball 1-1: Ball 2-1: Called Strike 2-2: Strikes out swinging
|
|
Batting: LHB Mark Ingram
|
0-0: Called Strike 0-1: Grounds into double play, 4-6-3 (Groundball, 34, EV 105.6 MPH)
|
| Bottom of the 5th over - 0 runs, 0 hits, 0 errors, 0 left on base; Albuquerque 0 - Iowa 3 |
| TOP OF THE 6TH |
|
Albuquerque Isotopes batting - Pitching for Iowa Cubs : RHP Harry Poindexter
|
|
Pitching: LHP Matt Tomlinson
|
|
|
Batting: RHB Eddie McCoy
|
0-0: Fly out, F4 (Popup, 13S, EV 92.5 MPH)
|
|
Batting: RHB Chris King
|
0-0: Called Strike 0-1: Foul Ball, location: 2F 0-2: Ball 1-2: Foul Ball, location: 2F 1-2: Fly out, F7 (Flyball, 7D, EV 102.5 MPH)
|
|
Batting: RHB Adrian Rudkilde
|
0-0: Fly out, F8 (Flyball, 8LD, EV 100.6 MPH)
|
| Top of the 6th over - 0 runs, 0 hits, 0 errors, 0 left on base; Albuquerque 0 - Iowa 3 |
| BOTTOM OF THE 6TH |
|
Iowa Cubs batting - Pitching for Albuquerque Isotopes : RHP Paulo Guincho
|
|
Batting: RHB Ricardo Aguinaga
|
0-0: Ball 1-0: Called Strike 1-1: Foul Ball, location: 2F 1-2: Strikes out swinging
|
|
Batting: SHB Gabriel Cruz
|
0-0: SINGLE (Groundball, 34D, EV 105.6 MPH)
|
|
Batting: RHB Adam O'Hare
|
0-0: Ball 1-0: Ball 2-0: Foul Ball, location: 2F 2-1: Ball Wild Pitch! Gabriel Cruz to second 3-1: Foul Ball, location: 2F 3-2: DOUBLE (Line Drive, 9LM, EV 95.6 MPH) Gabriel Cruz scores
|
|
Batting: RHB Brian Gargis
|
0-0: Called Strike 0-1: Ground out 6-3 (Groundball, 6, EV 101.2 MPH)
|
|
Batting: SHB Seung-ho Zhang
|
0-0: Ball 1-0: Swinging Strike 1-1: Fly out, F7 (Flyball, 7S, EV 80.6 MPH)
|
| Bottom of the 6th over - 1 run, 2 hits, 0 errors, 1 left on base; Albuquerque 0 - Iowa 4 |
| TOP OF THE 7TH |
|
Albuquerque Isotopes batting - Pitching for Iowa Cubs : LHP Matt Tomlinson
|
|
Batting: LHB Adam Hill
|
0-0: Ball 1-0: Ground out U3 (Groundball, 3, EV 106.2 MPH)
|
|
Batting: LHB Gabe Harvey
|
0-0: Foul Ball, location: 2F 0-1: Called Strike 0-2: Fly out, F8 (Line Drive, 78M, EV 95.0 MPH)
|
|
Batting: LHB Chad Persaud
|
0-0: Swinging Strike 0-1: Ball 1-1: Called Strike 1-2: Ball 2-2: Ground out U3 (Groundball, 3, EV 80.6 MPH)
|
| Top of the 7th over - 0 runs, 0 hits, 0 errors, 0 left on base; Albuquerque 0 - Iowa 4 |
| BOTTOM OF THE 7TH |
|
Iowa Cubs batting - Pitching for Albuquerque Isotopes : RHP Paulo Guincho
|
|
Batting: RHB Tony Mendez
|
0-0: Ball 1-0: Ball 2-0: Ball 3-0: Called Strike 3-1: Fly out, F9 (Flyball, 9S, EV 93.8 MPH)
|
|
Pitching: RHP Niclas Boman
|
|
|
Batting: LHB Sumiki Okuhara
|
0-0: Ball 1-0: Ball 2-0: Foul Ball, location: 2F 2-1: Ball 3-1: Fly out, F2 (Popup, 25F, EV 81.9 MPH)
|
|
Batting: RHB Jon Aguilar
|
0-0: Swinging Strike 0-1: Ball 1-1: Ball 2-1: Foul Ball, location: 2F 2-2: Strikes out swinging
|
| Bottom of the 7th over - 0 runs, 0 hits, 0 errors, 0 left on base; Albuquerque 0 - Iowa 4 |
| TOP OF THE 8TH |
|
Albuquerque Isotopes batting - Pitching for Iowa Cubs : LHP Matt Tomlinson
|
|
Pitching: RHP Josh Ready
|
|
|
Batting: RHB Nick Cummings
|
0-0: Ball 1-0: Ball 2-0: Fly out, F9 (Flyball, 89M, EV 80.0 MPH)
|
|
Batting: RHB Vinny Estrada
|
0-0: Called Strike 0-1: Ball 1-1: Fly out, F8 (Flyball, 8LD, EV 98.8 MPH)
|
|
Batting: RHB Mike Ball
|
0-0: Ball 1-0: Called Strike 1-1: Ground out 6-3 (Groundball, 6, EV 86.9 MPH)
|
| Top of the 8th over - 0 runs, 0 hits, 0 errors, 0 left on base; Albuquerque 0 - Iowa 4 |
| BOTTOM OF THE 8TH |
|
Iowa Cubs batting - Pitching for Albuquerque Isotopes : RHP Niclas Boman
|
|
Batting: LHB Mark Ingram
|
0-0: Called Strike 0-1: Called Strike 0-2: Foul Ball, location: 2F 0-2: Ball 1-2: Foul Ball, location: 2F 1-2: Strikes out swinging, 2-3 out at first.
|
|
Batting: RHB Ricardo Aguinaga
|
0-0: Ball 1-0: Ball 2-0: Called Strike 2-1: Fly out, F8 (Flyball, 8RS, EV 79.4 MPH)
|
|
Batting: SHB Gabriel Cruz
|
0-0: Called Strike 0-1: Foul Ball, location: 2F 0-2: SINGLE (Flyball, 5D, EV 89.4 MPH)
|
|
Batting: RHB Adam O'Hare
|
0-0: Ball 1-0: Called Strike 1-1: Swinging Strike 1-2: Fly out, F7 (Flyball, 7S, EV 83.1 MPH)
|
| Bottom of the 8th over - 0 runs, 1 hit, 0 errors, 1 left on base; Albuquerque 0 - Iowa 4 |
| TOP OF THE 9TH |
|
Albuquerque Isotopes batting - Pitching for Iowa Cubs : RHP Josh Ready
|
|
Batting: RHB Eddie McCoy
|
0-0: Ball 1-0: Swinging Strike 1-1: Ball 2-1: Ball 3-1: Called Strike 3-2: Strikes out looking
|
|
Batting: RHB Chris King
|
0-0: Called Strike 0-1: Ball 1-1: Ground out 5-3 (Groundball, 56, EV 95.6 MPH)
|
|
Batting: RHB Adrian Rudkilde
|
0-0: Called Strike 0-1: Swinging Strike 0-2: Ball 1-2: Ball 2-2: Ball 3-2: Base on Balls
|
|
Batting: LHB Adam Hill
|
0-0: Called Strike 0-1: Ball 1-1: Called Strike 1-2: Fly out, F8 (Flyball, 8LM, EV 91.2 MPH)
|
| Top of the 9th over - 0 runs, 0 hits, 0 errors, 1 left on base; Albuquerque 0 - Iowa 4 |
|